TOP OF THE 1ST |
Charlotte Knights batting - Pitching for Durham Bulls : RHP Ken Vandercook
|
Pitching: RHP Ken Vandercook
|
|
Batting: RHB Steve Martin
|
0-0: Fly out, F7 (Flyball, BS2, EV 90.6 MPH)
|
Batting: RHB Brad Boals
|
0-0: Foul Ball, location: 2F 0-1: SINGLE (Groundball, 6MD, EV 103.1 MPH)
|
Batting: LHB John Thurman
|
0-0: Called Strike 0-1: Swinging Strike Brad Boals is caught stealing 2nd base 2-6 0-2: Ball 1-2: Foul Ball, location: 2F 1-2: Ball 2-2: Strikes out swinging
|
Top of the 1st over - 0 runs, 1 hit, 0 errors, 0 left on base; Charlotte 0 - Durham 0 |
BOTTOM OF THE 1ST |
Durham Bulls batting - Pitching for Charlotte Knights : RHP Derrick Easley
|
Pitching: RHP Derrick Easley
|
|
Batting: LHB Davion Lewis
|
0-0: Called Strike 0-1: Ball 1-1: Ball 2-1: Foul Ball, location: 2F 2-2: Ground out 5-3 (Groundball, 56, EV 87.5 MPH)
|
Batting: RHB Jeff Brower
|
0-0: Called Strike 0-1: Called Strike 0-2: Strikes out swinging
|
Batting: RHB Steve French
|
0-0: Called Strike 0-1: Ball 1-1: Foul Ball, location: 2F 1-2: Ball 2-2: Strikes out swinging
|
Bottom of the 1st over - 0 runs, 0 hits, 0 errors, 0 left on base; Charlotte 0 - Durham 0 |
TOP OF THE 2ND |
Charlotte Knights batting - Pitching for Durham Bulls : RHP Ken Vandercook
|
Batting: LHB Ryan Karg
|
0-0: SOLO HOME RUN (Flyball, 9D, EV 95.0 MPH), Distance : 356 ft
|
Batting: RHB Micah Brown
|
0-0: Ball 1-0: Foul Ball, location: 2F 1-1: Called Strike 1-2: SINGLE (Flyball, 89S, EV 96.9 MPH)
|
Batting: LHB Kevin Rolison
|
0-0: Ball 1-0: SINGLE (Line Drive, 6D, EV 98.1 MPH) Micah Brown to second
|
Batting: RHB Herb Craig
|
0-0: Foul Ball, location: 2F 0-1: Fly out, F7 (Line Drive, 7D, EV 110.6 MPH)
|
Batting: RHB Doug Lane
|
0-0: Grounds into double play, 4-6-3 (Groundball, 4, EV 81.9 MPH)
|
Top of the 2nd over - 1 run, 3 hits, 0 errors, 1 left on base; Charlotte 1 - Durham 0 |
BOTTOM OF THE 2ND |
Durham Bulls batting - Pitching for Charlotte Knights : RHP Derrick Easley
|
Batting: LHB Bill Armijo
|
0-0: Ground out 4-3 (Groundball, 4, EV 83.1 MPH)
|
Batting: RHB Nick Sharp
|
0-0: Swinging Strike 0-1: Fly out, F3 (Popup, 34S, EV 68.8 MPH)
|
Batting: RHB Jesse Basich
|
0-0: Foul Ball, location: 2F 0-1: Ball 1-1: Ball 2-1: Ball 3-1: Called Strike 3-2: Foul Ball, location: 2F 3-2: Foul Ball, location: 2F 3-2: Base on Balls
|
Batting: RHB Danny Diaz
|
0-0: Ball 1-0: Ball 2-0: Called Strike 2-1: DOUBLE (Groundball, 3L, EV 101.2 MPH) Jesse Basich to third
|
Batting: SHB Willie Koviak
|
0-0: Ball 1-0: Fly out, F7 (Flyball, 7D, EV 106.2 MPH)
|
Bottom of the 2nd over - 0 runs, 1 hit, 0 errors, 2 left on base; Charlotte 1 - Durham 0 |
TOP OF THE 3RD |
Charlotte Knights batting - Pitching for Durham Bulls : RHP Ken Vandercook
|
Batting: LHB James Betron
|
0-0: Called Strike 0-1: Ball 1-1: Called Strike 1-2: Ball 2-2: Foul Ball, location: 2F 2-2: Fly out, F6 (Popup, 6M, EV 55.6 MPH)
|
Batting: RHB Steve Martin
|
0-0: Foul Ball, location: 2F 0-1: Ball 1-1: Ball 2-1: Ball 3-1: Base on Balls
|
Batting: RHB Brad Boals
|
0-0: Ball 1-0: Fly out, F8 (Flyball, 8LD, EV 95.6 MPH)
|
Batting: LHB John Thurman
|
0-0: Fielders Choice at 2nd, U4 (Groundball, 4M, EV 88.8 MPH)
|
Top of the 3rd over - 0 runs, 0 hits, 0 errors, 1 left on base; Charlotte 1 - Durham 0 |
BOTTOM OF THE 3RD |
Durham Bulls batting - Pitching for Charlotte Knights : RHP Derrick Easley
|
Batting: LHB Angel Ruvalcaba
|
0-0: Foul Ball, location: 2F 0-1: Ball 1-1: Swinging Strike 1-2: SOLO HOME RUN (Flyball, 9D, EV 98.8 MPH), Distance : 379 ft
|
Batting: LHB Davion Lewis
|
0-0: SINGLE (Groundball, 6MD, EV 103.8 MPH)
|
Batting: RHB Jeff Brower
|
0-0: Ball Davion Lewis steals 2nd base 1-0: Foul Ball, location: 2F 1-1: Ball 2-1: Foul Ball, location: 2F 2-2: Ball 3-2: Base on Balls
|
Batting: RHB Steve French
|
0-0: Ball 1-0: Ball 2-0: Foul Ball, location: 2F 2-1: Fielders Choice at 2nd, 4-6 (Groundball, 34, EV 83.8 MPH) Davion Lewis to third
|
Batting: LHB Bill Armijo
|
0-0: Swinging Strike 0-1: Called Strike Steve French steals 2nd base 0-2: Ball 1-2: Ground out U3 (Groundball, 3, EV 91.2 MPH)
|
Batting: RHB Nick Sharp
|
0-0: Ball 1-0: Fly out, F8 (Flyball, 8RD, EV 97.5 MPH)
|
Bottom of the 3rd over - 1 run, 2 hits, 0 errors, 2 left on base; Charlotte 1 - Durham 1 |
TOP OF THE 4TH |
Charlotte Knights batting - Pitching for Durham Bulls : RHP Ken Vandercook
|
Batting: LHB Ryan Karg
|
0-0: Swinging Strike 0-1: Ball 1-1: Called Strike 1-2: Foul Ball, location: 2F 1-2: Strikes out swinging
|
Batting: RHB Micah Brown
|
0-0: Ball 1-0: Called Strike 1-1: Foul Ball, location: 2F 1-2: Strikes out looking
|
Batting: LHB Kevin Rolison
|
0-0: Swinging Strike 0-1: Foul Ball, location: 2F 0-2: Ground out 6-3 (Groundball, 56D, EV 107.5 MPH)
|
Top of the 4th over - 0 runs, 0 hits, 0 errors, 0 left on base; Charlotte 1 - Durham 1 |
BOTTOM OF THE 4TH |
Durham Bulls batting - Pitching for Charlotte Knights : RHP Derrick Easley
|
Batting: RHB Jesse Basich
|
0-0: Ball 1-0: Called Strike 1-1: SINGLE (Groundball, 6MD, EV 94.4 MPH)
|
Batting: RHB Danny Diaz
|
0-0: Foul Ball, location: 2F 0-1: Foul Ball, location: 2F 0-2: Ball 1-2: Foul Ball, location: 2F 1-2: Ball 2-2: Foul Ball, location: 2F 2-2: Foul Ball, location: 2F 2-2: Ball 3-2: Base on Balls Jesse Basich to second
|
Batting: SHB Willie Koviak
|
0-0: Called Strike 0-1: Ball 1-1: Ball 2-1: DOUBLE (Line Drive, 7LD, EV 108.1 MPH) Jesse Basich scores Danny Diaz to third
|
Batting: LHB Angel Ruvalcaba
|
0-0: Called Strike 0-1: Called Strike 0-2: Strikes out swinging
|
Batting: LHB Davion Lewis
|
0-0: Ground out 4-3 (Groundball, 4, EV 107.5 MPH) Danny Diaz scores Willie Koviak to third
|
Batting: RHB Jeff Brower
|
0-0: Ball 1-0: Ground out 6-3 (Groundball, 6M, EV 99.4 MPH)
|
Bottom of the 4th over - 2 runs, 2 hits, 0 errors, 1 left on base; Charlotte 1 - Durham 3 |
TOP OF THE 5TH |
Charlotte Knights batting - Pitching for Durham Bulls : RHP Ken Vandercook
|
Batting: RHB Herb Craig
|
0-0: Called Strike 0-1: Ball 1-1: SINGLE (Groundball, 6MD, EV 96.9 MPH)
|
Batting: RHB Doug Lane
|
0-0: Ball 1-0: Ball 2-0: Swinging Strike 2-1: Ball 3-1: Swinging Strike 3-2: Fly out, F7 (Flyball, 7, EV 81.2 MPH)
|
Batting: LHB James Betron
|
0-0: Called Strike Herb Craig steals 2nd, throwing error, E2 Herb Craig to third 0-1: Ground out 4-3 (Groundball, 4S, EV 73.8 MPH) Herb Craig scores
|
Batting: RHB Steve Martin
|
0-0: Foul Ball, location: 2F 0-1: Ball 1-1: Ground out 3-1 (Groundball, 34, EV 84.4 MPH)
|
Top of the 5th over - 1 run, 1 hit, 1 error, 0 left on base; Charlotte 2 - Durham 3 |
BOTTOM OF THE 5TH |
Durham Bulls batting - Pitching for Charlotte Knights : RHP Derrick Easley
|
Batting: RHB Steve French
|
0-0: Ball 1-0: Ball 2-0: Ground out 5-3 (Groundball, 5S, EV 86.9 MPH)
|
Batting: LHB Bill Armijo
|
0-0: Fly out, F5 (Popup, 5SF, EV 78.8 MPH)
|
Batting: RHB Nick Sharp
|
0-0: Ball 1-0: SOLO HOME RUN (Flyball, 89XD, EV 95.0 MPH), Distance : 386 ft
|
Batting: RHB Jesse Basich
|
0-0: Ball 1-0: Called Strike 1-1: Swinging Strike 1-2: Ball 2-2: Strikes out looking
|
Bottom of the 5th over - 1 run, 1 hit, 0 errors, 0 left on base; Charlotte 2 - Durham 4 |
TOP OF THE 6TH |
Charlotte Knights batting - Pitching for Durham Bulls : RHP Ken Vandercook
|
Batting: RHB Brad Boals
|
0-0: Reached on error, E1 (Groundball, 34S, EV 65.6 MPH)
|
Batting: LHB John Thurman
|
0-0: Ball 1-0: Fly out, F8 (Flyball, 8RD, EV 66.2 MPH)
|
Batting: LHB Ryan Karg
|
0-0: Called Strike 0-1: Ball 1-1: Foul Ball, location: 2F 1-2: Fly out, F7 (Flyball, 7D, EV 79.4 MPH)
|
Batting: RHB Micah Brown
|
0-0: Called Strike 0-1: Foul Ball, location: 2F 0-2: Foul Ball, location: 2F 0-2: SINGLE (Line Drive, 8LS, EV 87.5 MPH) Brad Boals to second Runner from 2nd tries for 3rd, SAFE, throw by CF made to third
|
Batting: LHB Kevin Rolison
|
0-0: Ball 1-0: Ball 2-0: Ground out 4-3 (Groundball, 34, EV 111.2 MPH)
|
Top of the 6th over - 0 runs, 1 hit, 1 error, 2 left on base; Charlotte 2 - Durham 4 |
BOTTOM OF THE 6TH |
Durham Bulls batting - Pitching for Charlotte Knights : RHP Derrick Easley
|
Batting: RHB Danny Diaz
|
0-0: Ball 1-0: Ball 2-0: Foul Ball, location: 2F 2-1: Ball 3-1: Foul Ball, location: 2F 3-2: Base on Balls
|
Pitching: LHP Randy Karnes
|
|
Batting: SHB Willie Koviak
|
0-0: Ball 1-0: Foul Ball, location: 2F 1-1: Fly out, F4 (Popup, 4, EV 70.0 MPH)
|
Batting: LHB Angel Ruvalcaba
|
0-0: Fielders Choice at 2nd, 3-6 (Groundball, 34S, EV 93.8 MPH)
|
Batting: LHB Davion Lewis
|
0-0: Called Strike 0-1: Ball 1-1: Fly out, F8 (Flyball, 8LD, EV 90.6 MPH)
|
Bottom of the 6th over - 0 runs, 0 hits, 0 errors, 1 left on base; Charlotte 2 - Durham 4 |
TOP OF THE 7TH |
Charlotte Knights batting - Pitching for Durham Bulls : RHP Ken Vandercook
|
Batting: RHB Herb Craig
|
0-0: Ball 1-0: Called Strike 1-1: Called Strike 1-2: Ball 2-2: Ball 3-2: Fly out, F8 (Flyball, 89D, EV 89.4 MPH)
|
Batting: RHB Doug Lane
|
0-0: Ground out 5-3 (Groundball, 5L, EV 83.1 MPH)
|
Batting: LHB James Betron
|
0-0: Ball 1-0: Called Strike 1-1: Fly out, F7 (Flyball, 7D, EV 88.1 MPH)
|
Top of the 7th over - 0 runs, 0 hits, 0 errors, 0 left on base; Charlotte 2 - Durham 4 |
BOTTOM OF THE 7TH |
Durham Bulls batting - Pitching for Charlotte Knights : LHP Randy Karnes
|
Batting: RHB Jeff Brower
|
0-0: Called Strike 0-1: Ball 1-1: Ground out 4-3 (Groundball, 4M, EV 98.1 MPH)
|
Batting: RHB Steve French
|
0-0: Foul Ball, location: 2F 0-1: Ball 1-1: Swinging Strike 1-2: Ball 2-2: Ball 3-2: Ground out 4-3 (Groundball, 4MD, EV 101.2 MPH)
|
Batting: LHB Bill Armijo
|
0-0: Ball 1-0: Ball 2-0: SINGLE (Line Drive, 8LS, EV 106.2 MPH)
|
Batting: RHB Nick Sharp
|
0-0: Called Strike Bill Armijo is caught stealing 2nd base 2-4
|
Bottom of the 7th over - 0 runs, 1 hit, 0 errors, 0 left on base; Charlotte 2 - Durham 4 |
TOP OF THE 8TH |
Charlotte Knights batting - Pitching for Durham Bulls : RHP Ken Vandercook
|
Batting: RHB Steve Martin
|
0-0: Called Strike 0-1: SINGLE (Groundball, 34D, EV 103.8 MPH)
|
Batting: RHB Brad Boals
|
0-0: Ball 1-0: Called Strike 1-1: Called Strike 1-2: Foul Ball, location: 2F 1-2: Foul Ball, location: 2F 1-2: Fly out, F8 (Flyball, 8LM, EV 91.2 MPH)
|
Batting: LHB John Thurman
|
0-0: Ball 1-0: Hit by Pitch Steve Martin to second
|
Batting: LHB Ryan Karg
|
0-0: Called Strike 0-1: Ball 1-1: Called Strike 1-2: Fly out, F9 (Flyball, 9, EV 78.8 MPH)
|
Batting: RHB Micah Brown
|
0-0: Ball Wild Pitch! Steve Martin to third John Thurman to second 1-0: SINGLE (Line Drive, 4D, EV 100.6 MPH) Steve Martin scores John Thurman to third Runner from 3rd tries for Home, SAFE, throw by CF to home
|
Batting: LHB Kevin Rolison
|
0-0: Called Strike 0-1: Ball 1-1: Swinging Strike 1-2: Fly out, F8 (Flyball, 8LXD, EV 95.0 MPH)
|
Top of the 8th over - 2 runs, 2 hits, 0 errors, 1 left on base; Charlotte 4 - Durham 4 |
BOTTOM OF THE 8TH |
Durham Bulls batting - Pitching for Charlotte Knights : LHP Randy Karnes
|
Pitching: RHP William Cordero
|
|
Batting: RHB Nick Sharp
|
0-0: Ground out 6-3 (Groundball, 56, EV 88.1 MPH)
|
Batting: RHB Jesse Basich
|
0-0: Ball 1-0: Called Strike 1-1: Foul Ball, location: 2F 1-2: Ball 2-2: Fly out, F4 (Popup, 34S, EV 80.0 MPH)
|
Batting: RHB Danny Diaz
|
0-0: Ball 1-0: Ball 2-0: Foul Ball, location: 2F 2-1: Foul Ball, location: 2F 2-2: Ground out 4-3 (Groundball, 4S, EV 67.5 MPH)
|
Bottom of the 8th over - 0 runs, 0 hits, 0 errors, 0 left on base; Charlotte 4 - Durham 4 |
TOP OF THE 9TH |
Charlotte Knights batting - Pitching for Durham Bulls : RHP Ken Vandercook
|
Pitching: RHP Justin Stone
|
|
Batting: RHB Herb Craig
|
0-0: Ball 1-0: Called Strike 1-1: Ball 2-1: Ball 3-1: Called Strike 3-2: Ground out 6-3 (Groundball, 6M, EV 105.0 MPH)
|
Pinch Hitting: LHB Angel Tellez
|
0-0: Swinging Strike 0-1: Ball 1-1: Called Strike 1-2: Strikes out swinging
|
Batting: LHB James Betron
|
0-0: Called Strike 0-1: Foul Ball, location: 2F 0-2: Ball 1-2: Strikes out swinging, 2-3 out at first.
|
Top of the 9th over - 0 runs, 0 hits, 0 errors, 0 left on base; Charlotte 4 - Durham 4 |
BOTTOM OF THE 9TH |
Durham Bulls batting - Pitching for Charlotte Knights : RHP William Cordero
|
Pitching: LHP Bobby Martin
|
|
Now at C: Toshimi Shishido
|
|
Batting: SHB Willie Koviak
|
0-0: Ball 1-0: Foul Ball, location: 2F 1-1: Foul Ball, location: 2F 1-2: Strikes out swinging
|
Pitching: LHP Steven Wolf
|
|
Pinch Hitting: RHB Ian Sousa
|
0-0: Foul Ball, location: 2F 0-1: Swinging Strike 0-2: Ball 1-2: Foul Ball, location: 2F 1-2: Strikes out swinging
|
Batting: LHB Davion Lewis
|
0-0: Ball 1-0: Ball 2-0: Called Strike 2-1: Fly out, F4 (Flyball, 34D, EV 86.2 MPH)
|
Bottom of the 9th over - 0 runs, 0 hits, 0 errors, 0 left on base; Charlotte 4 - Durham 4 |
TOP OF THE 10TH |
Charlotte Knights batting - Pitching for Durham Bulls : RHP Justin Stone
|
Now in CF: Jesse Haddad
|
|
Batting: RHB Steve Martin
|
0-0: Ball 1-0: Ball 2-0: Ball 3-0: Called Strike 3-1: Base on Balls
|
Batting: RHB Brad Boals
|
0-0: Swinging Strike 0-1: Called Strike 0-2: Strikes out swinging
|
Batting: LHB John Thurman
|
0-0: Ball Steve Martin is caught stealing 2nd base 2-6 1-0: Ball 2-0: Called Strike 2-1: Ball 3-1: Base on Balls
|
Batting: LHB Ryan Karg
|
0-0: Ball John Thurman steals 2nd base 1-0: Ball 2-0: Called Strike 2-1: Ball 3-1: Foul Ball, location: 2F 3-2: 2-RUN HOME RUN (Flyball, 9LD, EV 91.9 MPH), Distance : 336 ft
|
Batting: RHB Micah Brown
|
0-0: Called Strike 0-1: Swinging Strike 0-2: Ball 1-2: Ball 2-2: Foul Ball, location: 2F 2-2: Strikes out swinging
|
Top of the 10th over - 2 runs, 1 hit, 0 errors, 0 left on base; Charlotte 6 - Durham 4 |
BOTTOM OF THE 10TH |
Durham Bulls batting - Pitching for Charlotte Knights : LHP Steven Wolf
|
Batting: RHB Jeff Brower
|
0-0: SINGLE (Line Drive, 7LS, EV 91.9 MPH)
|
Batting: RHB Steve French
|
0-0: Ball 1-0: Called Strike 1-1: Ball 2-1: Foul Ball, location: 2F 2-2: Foul Ball, location: 2F 2-2: Foul Ball, location: 2F 2-2: SINGLE (Groundball, 6MD, EV 106.2 MPH) Jeff Brower to second
|
Pinch Hitting: RHB Sczlopy Hed
|
0-0: Ball 1-0: Foul Ball, location: 2F 1-1: Ball 2-1: Foul Ball, location: 2F 2-2: Strikes out swinging
|
Batting: RHB Nick Sharp
|
0-0: Fly out, F8 (Line Drive, 8LD, EV 106.2 MPH) Runner from 2nd tags up, SAFE at 3rd with throw by CF
|
Batting: RHB Jesse Basich
|
0-0: Ball 1-0: Ground out 5-3 (Groundball, 56D, EV 96.2 MPH)
|
Bottom of the 10th over - 0 runs, 2 hits, 0 errors, 2 left on base; Charlotte 6 - Durham 4 |
|